 Dungeon Crawl Stone Soup version 0.22-a0-274-gf8199ec (webtiles) character file.

33 tidbits the Insei (level 3, -3/28 HPs)
             Began as a Gnoll Transmuter on Mar 14, 2018.
             Slain by Nr616's ghost (11 damage)
             ... on level 4 of the Dungeon.
             The game lasted 00:03:21 (364 turns).

tidbits the Insei (Gnoll Transmuter)                 Turns: 364, Time: 00:03:22

Health: -3/28      AC:  2    Str: 12    XL:     3   Next: 29%
Magic:  6/9        EV: 23    Int: 19    God:
Gold:   26         SH:  0    Dex: 20    Spells: 6/12 levels left

rFire    . . .     SeeInvis .     - Unarmed
rCold    . . .     Gourm    .   (shield currently unavailable)
rNeg     . . .     Faith    .   (armour currently unavailable)
rPois    x         Spirit   .   (helmet currently unavailable)
rElec    .         Reflect  .   (cloak currently unavailable)
rCorr    .         Harm     .   (gloves currently unavailable)
MR       .....                  (boots currently unavailable)
Stlth    ++........             (no amulet)
HPRegen  0.09/turn              f - +3 ring of intelligence
MPRegen  0.11/turn              (no ring)

@: spider-form
A: tiny, distributed training, strong nose
a: End Transformation


You were on level 4 of the Dungeon.
You were not hungry.
You were a venomous arachnid creature.
You visited 1 branch of the dungeon, and saw 4 of its levels.

You collected 26 gold pieces.

Inventory:

Hand Weapons
 h - a +0 dagger (melded)
Missiles
 a - 9 arrows
 c - 14 bolts
 g - 13 sling bullets
Armour
 b - a +0 robe (melded)
Jewellery
 f - a +3 ring of intelligence (left front leg)
   (You found it on level 2 of the Dungeon)
Wands
 n - a wand of acid (9)
 p - a wand of paralysis (8)
Scrolls
 e - 2 scrolls of identify {unknown}
 l - a scroll of remove curse {unknown}
 o - a scroll of fear {unknown}
 q - a scroll of magic mapping {unknown}
Potions
 i - a potion of curing
 j - a potion of lignification {unknown}
 k - a potion of magic {unknown}
 m - a potion of might {unknown}
Comestibles
 d - 3 rations


   Skills:
 + Level 2.6 Fighting
 + Level 0.7 Short Blades
 + Level 0.7 Long Blades
 + Level 0.7 Axes
 + Level 0.7 Maces & Flails
 + Level 0.7 Polearms
 + Level 0.7 Staves
 + Level 0.7 Slings
 + Level 0.7 Bows
 + Level 0.7 Crossbows
 + Level 0.7 Throwing
 + Level 0.7 Armour
 + Level 4.5 Dodging
 + Level 0.7 Stealth
 + Level 0.7 Shields
 + Level 6.5 Unarmed Combat
 + Level 5.0 Spellcasting
 + Level 0.5 Conjurations
 + Level 0.5 Hexes
 + Level 0.5 Charms
 + Level 0.5 Summonings
 + Level 0.5 Necromancy
 + Level 0.5 Translocations
 + Level 3.7 Transmutations
 + Level 0.5 Fire Magic
 + Level 0.5 Ice Magic
 + Level 0.5 Air Magic
 + Level 0.5 Earth Magic
 + Level 0.5 Poison Magic
 + Level 0.9 Invocations
 + Level 0.7 Evocations


You had 6 spell levels left.
You knew the following spells:

 Your Spells              Type           Power        Failure   Level  Hunger
e - Beastly Appendage     Tmut           ###...       10%         1    None
k - Sticks to Snakes      Tmut           ###.....     13%         2    #......
p - Spider Form           Tmut/Pois      ##........   34%         3    ##.....


Dungeon Overview and Level Annotations

Branches:
Dungeon (4/15)
 Temple: D:4-7

Altars:

Annotations:
D:4 Nr616's ghost, amateur MiBe


Innate Abilities, Weirdness & Mutations

Your experience applies equally to all skills.
((You have very sharp teeth.))
Your uncanny sense of smell can sniff out nearby items.


Message History

d - 2 rations (gained 1)
Your horns disappear.
Things that are here:
a club; a goblin corpse
There is a stone staircase leading down here.
You climb downwards.
There is a stone staircase leading up here.
Unknown command.
You see here a smoky emerald potion.
k - a smoky emerald potion
There is a stone staircase leading up here.
Found 13 gold pieces.
You see here a scroll labeled ZOTWOM JOGEA.
l - a scroll labeled ZOTWOM JOGEA An adder comes into view.
Found a hand axe.
Things that are here:
13 gold pieces; a glowing amethyst potion
m - a glowing amethyst potion You now have 26 gold pieces (gained 13).
Wield which item (- for none, * to show all)? (? for menu, Esc to quit)
h - a +0 dagger (weapon)
Found an escape hatch in the floor.
Casting: Beastly Appendage (safe; 2% risk of failure)
Confirm with . or Enter, or press ? or * to list all spells.
You create 2 snakes!
You now have 9 arrows.
Your ball python barely misses the adder.
Your ball python grabs the adder.
Your ball python constricts the adder.
The adder closely misses you.
Casting: Sticks to Snakes (safe; 4% risk of failure)
Confirm with . or Enter, or press ? or * to list all spells.
You turn into a venomous arachnid creature.
Your +0 dagger melds into your body.
Your +0 robe melds into your body.
Your ball python bites the adder but does no damage.
The adder misses you.
Your ball python bites the adder but does no damage.
Your ball python constricts the adder.
You hit the adder.
The adder is heavily wounded.
The adder barely misses you.
Your ball python barely misses the adder.
Your ball python constricts the adder.
Your ball python closely misses the adder.
You hit the adder.
You kill the adder!
Your Spellcasting skill increases to level 5!
You swap places.
Your transformation is almost over.
You swap places.
Your transformation has ended.
Your +0 dagger unmelds from your body.
Your +0 robe unmelds from your body.
You swap places.
Your ball python withers and dies!
There is an escape hatch in the floor here.
Found a wooden wand.
Unknown command.
You see here a wand of acid (9).
n - a wand of acid (9)
Your ball python withers and dies!
Found a scroll labeled ROROSSARAE.
You see here a scroll labeled ROROSSARAE.
o - a scroll labeled ROROSSARAE
There is an escape hatch in the floor here.
You slide downwards.
The hatch slams shut behind you. 2 orcs, an orc priest and an orc wizard come into view.
The orc shouts!
The orc priest shouts!
The orc shouts!
You hear a shout!
The orc wizard shouts!
You hear a shout! x5
Found a stone staircase leading down.
An orc priest comes into view.
The orc priest shouts!
The orc priest mumbles some strange prayers to Beogh against you.
Pain shoots through your body!
Ouch! That really hurt!
* * * LOW HITPOINT WARNING * * *
The orc priest calls down the wrath of Beogh upon you.
Beogh smites you!
* * * LOW HITPOINT WARNING * * *
There is a stone staircase leading down here.
You climb downwards.
There is a stone staircase leading up here.
Unknown command.
Found a ration.
You see here a ration.
d - 3 rations (gained 1)
Found a scroll labeled OPLATO LOCUR.
You see here a scroll labeled OPLATO LOCUR.
q - a scroll labeled OPLATO LOCUR
Found a stone staircase leading up.
Nr616's ghost (amateur Minotaur Berserker) comes into view.
Nr616's ghost turns its malevolent gaze towards you.
A giant cockroach comes into view.
A worker ant comes into view.
A worker ant comes into view.
Unknown command.
Casting: Spider Form (safe; 16% risk of failure)
Confirm with . or Enter, or press ? or * to list all spells.
You turn into a venomous arachnid creature.
Your +0 dagger melds into your body.
Your +0 robe melds into your body.
Nr616's ghost hits you!
You die...

∆ #...... #..... ###
..... ... #...##.##
#....... #.a..#.# ∆
#..W##.# .
#.s.+..##..# ..∆
#...........
...####.########
........# ..###...#
#...# ...
###.######### ....
#..........
#...#########.########


You could see a worker ant and Nr616's ghost.

Vanquished Creatures
  3 adders (D:2)
  2 goblins (D:1)
  A hobgoblin (D:2)
  A bat (D:2)
  A frilled lizard (D:2)
  2 rats (D:2)
10 creatures vanquished.

Notes
Turn   | Place    | Note
-------+----------+-------------------------------------------
     0 | D:1      | tidbits the Gnoll Transmuter began the quest for the Orb.
     0 | D:1      | Reached XP level 1. HP: 17/17 MP: 6/6
   114 | D:2      | Reached XP level 2. HP: 14/23 MP: 5/7
   118 | D:2      | Learned a level 2 spell: Sticks to Snakes
   145 | D:2      | Reached XP level 3. HP: 20/28 MP: 6/9
   150 | D:2      | Learned a level 3 spell: Spider Form
   207 | D:2      | Reached skill level 5 in Spellcasting
   360 | D:4      | Noticed Nr616's ghost (amateur MiBe)
   364 | D:4      | Slain by Nr616's ghost

Vault maps used:
D:1:      dpeg_arrival_castle, minmay_ruptured
D:2:      lemuel_coloured_pillars_altar, lemuel_crystal_altar, zin_statuary,
          nemelex_altar_shiori
D:3:      uniq_grinder, uniq_sigmund, uniq_robin
D:4:      vehumet_statue, kennysheep_little_box, minmay_temple_entry_trees,
          first_ration, serial_shops, shop, uniq_eustachio,
          uniq_crazy_yiuf_cottage

Skill      XL: |  1  2  3 |
---------------+----------+-----
Spellcasting   | 5 |  5.0
Fighting       | |  2.6
Short Blades   | |  0.7
Long Blades    | |  0.7
Axes           | |  0.7
Maces & Flails | |  0.7
Polearms       | |  0.7
Staves         | |  0.7
Slings         | |  0.7
Bows           | |  0.7
Crossbows      | |  0.7
Throwing       | |  0.7
Armour         | |  0.7
Dodging        | |  4.5
Stealth        | |  0.7
Shields        | |  0.7
Unarmed Combat | |  6.5
Conjurations   | |  0.5
Hexes          | |  0.5
Charms         | |  0.5
Summonings     | |  0.5
Necromancy     | |  0.5
Translocations | |  0.5
Transmutations | |  3.7
Fire Magic     | |  0.5
Ice Magic      | |  0.5
Air Magic      | |  0.5
Earth Magic    | |  0.5
Poison Magic   | |  0.5
Invocations    | |  0.9
Evocations     | |  0.7

Action                   || total
-------------------------++-------
Melee: Unarmed           ||    28
       Bite              ||     4
       Kick              ||     1
       Headbutt          ||     1
 Cast: Beastly Appendage ||     6
       Sticks to Snakes  ||     2
       Spider Form       ||     2
  Use: Potion            ||     1
Armor: Robe              ||     7
Dodge: Dodged            ||    11

Table legend:
 A = Spawn XP
 B = Non-spawn XP
 C = Spawn XP percentage of total XP
 D = Spawn monster count
 E = Non-spawn monster count
 F = Spawn count percentage of total count
 G = Total turns spent on level
                    A         B        C        D         E        F      G
               +---------+---------+-------+---------+---------+-------+---------
         Total |       0 |      48 |   0.0 |       0 |      10 |   0.0 |   364
               +---------+---------+-------+---------+---------+-------+---------
           D:1 |       0 |       4 |   0.0 |       0 |       2 |   0.0 |    61
           D:2 |       0 |      44 |   0.0 |       0 |       8 |   0.0 |   257
               +---------+---------+-------+---------+---------+-------+---------

Table legend:
 A = Turns spent in this place as a percentage of turns spent in the entire game.
 B = Non-inter-level travel turns spent in this place as a percentage of non-inter-level travel turns spent in the entire game.
 C = Inter-level travel turns spent in this place as a percentage of turns spent in this place.
 D = Turns resting spent in this place as a percentage of non-inter-level travel turns spent in this place.
 E = Turns spent auto-exploring this place as a percentage of non-inter-level travel turns spent in this place.
 F = Non-inter-level travel turns spent in this place divided by the number of levels of this place that you've seen.
                   A       B       C       D       E      F
               +-------+-------+-------+-------+-------+----------------------
         Total | 100.0 | 100.0 |   4.7 |   0.0 |   0.0 |  86.8
       Dungeon | 100.0 | 100.0 |   4.7 |   0.0 |   0.0 |  86.8
               +-------+-------+-------+-------+-------+----------------------

Table legend:
 A = Kills in this place as a percentage of kills in entire the game.
 B = Kills by you in this place as a percentage of kills by you in the entire game.
 C = Kills by friends in this place as a percentage of kills by friends in the entire game.
 D = Other kills in this place as a percentage of other kills in the entire game.
 E = Experience gained in this place as a percentage of experience gained in the entire game.
 F = Experience gained in this place divided by the number of levels of this place that you have seen.
                   A       B       C       D       E      F
               +-------+-------+-------+-------+-------+----------------------
         Total | 100.0 | 100.0 |   N/A |   N/A | 100.0 |  12.0
       Dungeon | 100.0 | 100.0 |   N/A |   N/A | 100.0 |  12.0
               +-------+-------+-------+-------+-------+----------------------

Vault maps used:
D:1:      dpeg_arrival_castle, minmay_ruptured
D:2:      lemuel_coloured_pillars_altar, lemuel_crystal_altar, zin_statuary,
          nemelex_altar_shiori
D:3:      uniq_grinder, uniq_sigmund, uniq_robin
D:4:      vehumet_statue, kennysheep_little_box, minmay_temple_entry_trees,
          first_ration, serial_shops, shop, uniq_eustachio,
          uniq_crazy_yiuf_cottage
